 Dungeon Crawl Stone Soup version 0.21.1-1-g345015f (webtiles) character file.

10889 JeffiDaFish the Fighter (level 11, -25/131 HPs)
             Began as an Ogre Chaos Knight on Feb 19, 2018.
             Annihilated by a polar bear (27 damage)
             ... on level 3 of the Lair of Beasts.
             The game lasted 00:20:42 (12510 turns).

JeffiDaFish the Fighter (Ogre Chaos Knight)        Turns: 12510, Time: 00:20:43

Health: -25/131    AC:  8    Str: 17    XL:     11   Next: 69%
Magic:  13/13      EV: 13    Int: 19    God:    Xom [...*..]
Gold:   420        SH:  4    Dex: 10    Spells: 10/10 levels left

rFire    . . .     SeeInvis +   a - +7 mace (chaos)
rCold    + . .     Gourm    .   (no shield)
rNeg     . . .     Faith    .   b - +2 robe
rPois    .         Spirit   .   (helmet restricted)
rElec    .         Reflect  .   g - +2 cloak
rCorr    .         Harm     .   (gloves unavailable)
MR       +....                  (boots unavailable)
Stlth    +.........             (no amulet)
HPRegen  0.31/turn              h - +6 ring of intelligence
MPRegen  0.13/turn              u - ring of see invisible

@: very slightly contaminated
A: large, unfitting armour, talons 1, large bone plates 1, cold resistance 1,
tough skin 1, weak 1
a: Renounce Religion


You were on level 3 of the Lair of Beasts.
You worshipped Xom.
You were a favourite toy of Xom.
You were not hungry.

You visited 2 branches of the dungeon, and saw 11 of its levels.

You collected 640 gold pieces.
You spent 220 gold pieces at shops.

Inventory:

Hand Weapons
 a - a +7 mace of chaos (weapon)
Armour
 b - a +2 robe (worn)
 g - a +2 cloak (worn)
Jewellery
 d - an uncursed ring of magical power
 h - a +6 ring of intelligence (left hand)
 k - an uncursed ring of ice
 u - a ring of see invisible (right hand)
Wands
 n - a wand of polymorph (19)
 o - a wand of clouds (3)
 A - a wand of flame (66)
Scrolls
 f - 6 scrolls of identify
 i - 2 scrolls of teleportation
 l - 7 scrolls of remove curse
 m - a scroll of magic mapping
 r - 3 scrolls of fog
 t - 2 scrolls of enchant armour
 x - 3 scrolls of blinking
 z - 4 scrolls of amnesia
 B - a scroll of enchant weapon
Potions
 j - 3 potions of flight
 p - a potion of invisibility
 q - 5 potions of curing
 s - a potion of agility
 v - a potion of might
Books
 y - a book of Flames

   Spells                             Type                      Level
   a - Flame Tongue                   Conjuration/Fire             1
   b - Throw Flame                    Conjuration/Fire             2
   c - Conjure Flame                  Conjuration/Fire             3
   d - Inner Flame                    Hexes/Fire                   3
   e - Sticky Flame                   Conjuration/Fire             4
   f - Fireball                       Conjuration/Fire             5
Miscellaneous
 w - a box of beasts
Comestibles
 c - 32 rations
 C - 5 chunks of flesh


   Skills:
 + Level 14.7 Fighting
 + Level 8.7 Maces & Flails
 * Level 9.3 Dodging
 - Level 3.6 Evocations


You had 10 spell levels left.
You didn't know any spells.

Dungeon Overview and Level Annotations

Branches:
Dungeon (8/15)             Temple (0/1) D:5            Lair (3/6) D:8
  Snake (0/4) Lair:2
  Swamp: Lair:2-4    Shoals: Lair:2-4

Altars:
Ashenzari
Cheibriados
Dithmenos
Elyvilon
Fedhas
Gozag
Nemelex Xobeh
Okawaru
Sif Muna
Uskayaw
Vehumet
Xom
Zin

Shops:
D:5 }   D:7 }


Innate Abilities, Weirdness & Mutations

You are too large for most types of armour.
You have tough skin. (AC +1)
You have sharp toenails.
You are partially covered in large bone plates. (SH +4)
Your flesh is cold resistant. (rC+)
You are weak. (Str -2)


Message History

Okay, then.
Blink to where?
Press: ? - help, Dir - move target cursor, p - polar bear You are very lightly contaminated with residual magic.
As you read the scroll of blinking, it crumbles to dust.
You hear a roar!
You hear an angry growl.
The polar bear rages.
Some of the chunks of flesh in your inventory have rotted away.
You hear an angry growl.
The polar bear looks more healthy.
The polar bear bites you.
* * * LOW HITPOINT WARNING * * *
The polar bear claws you but does no damage.
You block the polar bear's attack.
You hit the polar bear but do no damage.
The polar bear is almost dead.
The polar bear bites you!!
You die...
Xom thinks this is hilarious!

#..# ##..#........'
##..##.....+........#
.... ##P##......#
*,#......... ...
........###.#*#.........#
... ##..#.#.#.# *
###.###(.## ..# ####.#..#
#., .### #.## ###.P#
#.,..*** #.. #..=.#
*,#..* ###.# ####@#
**,,,, ** ..#h#####
###h####*****,,, ,*
.....##.######.#+...#,*
*,,, ,
.....###.#.##......#.....
,,,,,,
......#.....+......+.
###*,, ,,,
......Ph...#..........# *
,,, ,**
...>.+..#####.......###
,,,,,,** .....P#.#
#......:# **,,,, ,
#+####### .##+##.## *. ,*


You could see a polar bear (berserk).

Vanquished Creatures
  2 hydras (Lair:1)
  A two-headed ogre (D:8)
  A black mamba (Lair:2)
  A gargoyle (D:8)
  3 spiny frogs
  A polar bear (Lair:3)
  2 basilisks (Lair:2)
  A golden eye (Lair:3)
  3 nagas (Lair:2)
  2 water moccasins
  13 porcupines
  A swamp drake (Lair:1)
  A slave (D:7)
  3 black bears (D:8)
  4 ice beasts
  2 phantoms
  A sky beast (D:5)
  7 ogres
  4 wolves (Lair:1)
  2 centaurs
  5 crocodiles
  8 bullfrogs
  2 big kobolds
  2 killer bees (D:8)
  3 scorpions
  5 wights
  A jelly (D:5)
  An orc priest (D:8)
  4 hounds
  2 iguanas
  7 orc wizards
  5 worker ants
  A hound zombie (D:6)
  A gnoll (D:1)
  8 adders
  A shadow imp (D:8)
  2 oozes
  An adder skeleton (D:5)
  3 worms
  4 dart slugs
  4 leopard geckos
  34 orcs
  3 ball pythons
  2 bats (D:2)
  7 giant cockroaches
  6 goblins
  2 hobgoblins (D:1)
  4 jackals (D:8)
  4 quokkas
  2 frilled lizards
  11 kobolds
  A leopard gecko skeleton (D:4)
  8 rats
  A fungus (D:3)
210 creatures vanquished.

Vanquished Creatures (collateral kills)
  Pikel (D:7)
  A fungus (Lair:1)
2 creatures vanquished.

Vanquished Creatures (others)
  A spiny frog (Lair:1)
  A porcupine (Lair:2)
  An orc warrior (D:6)
  An ice beast (D:7)
  A bullfrog (D:8)
  A scorpion (D:8)
  A killer bee (D:8)
  2 wights (D:7)
  A hound (D:7)
  A worker ant (D:8)
  A quokka (D:5)
  A bush (D:6)
  10 fungi
  2 plants
25 creatures vanquished.

Grand Total: 237 creatures vanquished

Notes
Turn   | Place    | Note
-------+----------+-------------------------------------------
     0 | D:1      | JeffiDaFish the Ogre Chaos Knight began the quest for the Orb.
     0 | D:1      | Reached XP level 1. HP: 24/24 MP: 1/1
   103 | D:1      | Reached XP level 2. HP: 29/33 MP: 2/2
   225 | D:1      | Reached XP level 3. HP: 38/40 MP: 3/3
   716 | D:1      | XOM: harmless Air miscast
  1015 | D:2      | Found a white marble altar of Elyvilon.
  1015 | D:2      | Found a shadowy altar of Dithmenos.
  1020 | D:2      | XOM: harmless Summ miscast
  1083 | D:2      | Reached skill level 5 in Fighting
  1201 | D:2      | Reached XP level 4. HP: 49/50 MP: 4/4
  1687 | D:2      | XOM is BORED!
  1687 | D:2      | XOM: medium Chrm miscast
  1862 | D:3      | Found a blossoming altar of Fedhas.
  2288 | D:4      | Reached skill level 6 in Fighting
  2288 | D:4      | Reached XP level 5. HP: 37/59 MP: 5/5
  2616 | D:4      | Found a sparkling altar of Nemelex Xobeh.
  2616 | D:4      | Found a glowing silver altar of Zin.
  2683 | D:4      | Noticed an ogre
  2703 | D:4      | Killed an ogre
  2703 | D:4      | Reached XP level 6. HP: 68/68 MP: 6/6
  2706 | D:4      | XOM: scenery: create altars
  2718 | D:4      | Reached skill level 7 in Fighting
  2797 | D:4      | XOM: give mutations
  2797 | D:4      | Gained mutation: You are partially covered in large bone plates. (SH +4) [Xom's grace]
  2797 | D:4      | Gained mutation: Your flesh is cold resistant. (rC+) [Xom's grace]
  2797 | D:4      | Gained mutation: You have sharp toenails. [Xom's grace]
  2887 | D:4      | XOM: god gift: chain mail {god gift}
  3126 | D:4      | XOM: medium Ice miscast
  3196 | D:4      | XOM: harmless Erth miscast
  3327 | D:5      | Entered Level 5 of the Dungeon
  3376 | D:5      | XOM: divination: detect items
  3429 | D:5      | Found an opulent altar of Gozag.
  3467 | D:5      | XOM: mild Tloc miscast
  3500 | D:5      | Reached XP level 7. HP: 74/78 MP: 7/7
  3973 | D:5      | XOM: divination: magic mapping
  3979 | D:5      | Reached skill level 8 in Fighting
  4022 | D:5      | Found a radiant altar of Vehumet.
  4154 | D:5      | Found Jinnet's Gadget Shop.
  4187 | D:5      | Found a hide-covered altar of Uskayaw.
  4190 | D:5      | Found a snail-covered altar of Cheibriados.
  4193 | D:5      | Found an iron altar of Okawaru.
  4366 | D:5      | Found a staircase to the Ecumenical Temple.
  4429 | D:5      | Reached skill level 9 in Fighting
  4429 | D:5      | Reached XP level 8. HP: 46/92 MP: 8/8
  4755 | D:6      | Reached skill level 5 in Maces & Flails
  4821 | D:6      | XOM: polymorph giant cockroach -> adder
  4868 | D:6      | XOM: confusion (+ monsters)
  4878 | D:6      | XOM: potion effect (might)
  4952 | D:6      | Reached skill level 10 in Fighting
  4980 | D:6      | Reached skill level 5 in Dodging
  5149 | D:6      | XOM: chaos upgrade
  5487 | D:6      | XOM: god gift: fuming brown potion {god gift}
  5564 | D:6      | XOM: divine lightning
  5576 | D:6      | Reached skill level 11 in Fighting
  5576 | D:6      | Reached XP level 9. HP: 92/105 MP: 9/9
  5858 | D:7      | XOM: god gift: plate armour {god gift}
  5872 | D:7      | XOM: god gift: potion of curing
  5928 | D:7      | XOM: 2-stop teleportation journey
  5973 | D:7      | XOM: divine lightning
  6059 | D:7      | Found a white marble altar of Elyvilon.
  6149 | D:7      | Noticed Pikel
  6156 | D:7      | XOM: enchant monster (good)
  6161 | D:7      | Killed Pikel
  6161 | D:7      | Reached skill level 12 in Fighting
  6387 | D:7      | Found a shattered altar of Ashenzari.
  6606 | D:7      | Found Faxkefu's Gadget Shop.
  6611 | D:7      | Bought a box of beasts for 220 gold pieces
  6657 | D:8      | Noticed a gargoyle
  6657 | D:8      | XOM: summons 2 friendly demons
  6659 | D:8      | XOM: summons 3 friendly demons
  6661 | D:8      | Killed a gargoyle
  6732 | D:8      | XOM: give mutation
  6732 | D:8      | Gained mutation: You are weak. (Str -2) [Xom's mischief]
  6758 | D:8      | Reached skill level 1 in Evocations
  6765 | D:8      | XOM: divine lightning
  6771 | D:8      | Reached XP level 10. HP: 95/118 MP: 9/11
  6787 | D:8      | Found a staircase to the Lair.
  6854 | D:8      | Reached skill level 13 in Fighting
  7090 | D:8      | XOM: cloud trail
  7130 | D:8      | Found a deep blue altar of Sif Muna.
  7214 | D:8      | Noticed a two-headed ogre
  7222 | D:8      | Killed a two-headed ogre
  7328 | D:8      | XOM: cloud trail
  7940 | D:8      | XOM: god gift: scroll of fear
  8025 | Lair:1   | Entered Level 1 of the Lair of Beasts
  8160 | Lair:1   | XOM: potion effect (curing)
  8633 | Lair:1   | XOM: harmless Fire miscast
  8636 | Lair:1   | Noticed a spiny frog
  8648 | Lair:1   | Banished a spiny frog
  8678 | Lair:1   | HP: 6/120 [poisoned by a spiny frog]
  8685 | Lair:1   | HP: 6/120 [poisoned by a spiny frog]
  8809 | Lair:1   | XOM is BORED!
  8809 | Lair:1   | XOM: summons 1 hostile demon
  9049 | Lair:1   | Noticed a spiny frog
  9059 | Lair:1   | Killed a spiny frog
  9059 | Lair:1   | Reached skill level 14 in Fighting
  9097 | Lair:1   | XOM: scenery: create altars
  9149 | Lair:1   | XOM: summons friendly shadow imp
  9175 | Lair:1   | Reached XP level 11. HP: 129/130 MP: 13/13
  9226 | Lair:1   | Noticed a five-headed hydra
  9235 | Lair:1   | XOM: smoke on damage
  9237 | Lair:1   | Killed a five-headed hydra
  9810 | Lair:1   | XOM: god gift: 53 gold pieces
 10146 | Lair:1   | XOM: 1-stop teleportation journey
 10290 | Lair:2   | XOM: 2-stop teleportation journey
 10323 | Lair:2   | XOM: god gift: grey potion {god gift}
 10329 | Lair:2   | XOM: 2-stop teleportation journey
 10361 | Lair:2   | XOM: destruction
 10456 | Lair:2   | XOM: mild Necr miscast
 10926 | Lair:2   | Found a staircase to the Snake Pit.
 10938 | Lair:2   | XOM: blink monster(s)
 10997 | Lair:2   | Noticed a five-headed hydra
 11277 | Lair:1   | Killed a five-headed hydra
 11847 | Lair:2   | XOM: harmless Hex miscast
 11864 | Lair:2   | XOM: cloud trail
 12291 | Lair:3   | XOM: divination: magic mapping
 12495 | Lair:3   | HP: 4/131 [polar bear (6)]
 12509 | Lair:3   | HP: 2/131 [polar bear (4)]
 12510 | Lair:3   | Annihilated by a polar bear

Skill      XL: |  1  2  3  4  5  6  7  8  9 10 11 |
---------------+----------------------------------+-----
Maces & Flails | 3 4 5 6 7 8 |  8.7
Fighting       | 5 6 7 9 11 12 14 | 14.7
Dodging        | 3 4 5 6 7 9 |  9.3
Evocations     | 1 3 |  3.6

Action                   |  1- 3 |  4- 6 |  7- 9 | 10-12 || total
-------------------------+-------+-------+-------+-------++-------
Melee: Mace              |    92 |   121 |   228 |   276 ||   717
       Kick              |       |     6 |    58 |    74 ||   138
Evoke: Wand              |       |     1 |       |    10 ||    11
       Box of beasts     |       |       |       |     1 ||     1
  Use: Scroll            |     7 |    13 |     3 |     4 ||    27
       Potion            |     1 |     7 |     4 |    10 ||    22
 Stab: Paralysed         |     1 |     1 |       |       ||     2
       Petrifying        |     1 |       |     1 |       ||     2
       Confused          |       |     5 |       |       ||     5
       Distracted        |       |       |     1 |       ||     1
  Eat: Chunk             |     1 |     7 |    11 |     8 ||    27
       Ration            |       |       |       |     3 ||     3
Armor: Robe              |    40 |    39 |    72 |    88 ||   239
Dodge: Dodged            |    47 |    48 |   148 |   204 ||   447
Block: Other             |       |     6 |    38 |    69 ||   113
